 Dungeon Crawl Stone Soup version 0.31.0-32-g396128a36d (webtiles) character file.

Game seed: 6389046886026488546

246 AdnanSaban the Covered (level 6, -10/38 HPs)
             Began as a Gargoyle Fighter on Apr 12, 2024.
             Mangled by an orc warrior
             ... wielding a +0 scimitar
              (13 damage)
             ... on level 3 of the Dungeon.
             The game lasted 00:05:05 (3468 turns).

AdnanSaban the Covered (Gargoyle Fighter)           Turns: 3468, Time: 00:05:05

Health: -10/38     AC: 16    Str: 21    XL:     6   Next: 11%
Magic:  6/6        EV:  8    Int:  9    God:
Gold:   202        SH:  8    Dex:  9    Spells: 5/5 levels left

rFire   . . .        a - +0 flail
rCold   . . .        k - +0 kite shield
rNeg    + . .        b - +0 scale mail
rPois   ∞            (no helmet)
rElec   +            (no cloak)
rCorr   .            s - +0 pair of gloves
SInv    .            (no boots)
Will    .....        c - amulet of the acrobat Stlth
                     l - +4 ring of protection
HPRegen 0.26/turn    (no ring)
MPRegen 0.10/turn

%: acrobat
@: no status effects
A: sickness immunity, AC +4, negative energy resistance 1, electricity
resistance, torment resistance 1, petrification resistance
a: no special abilities


You were on level 3 of the Dungeon.
You visited 1 branch of the dungeon, and saw 4 of its levels.

You collected 202 gold pieces.

Inventory:

Hand Weapons
 a - a +0 flail (weapon)
Missiles
 p - a boomerang (quivered)
Armour
 b - a +0 scale mail (worn)
 k - a +0 kite shield (worn)
 s - a +0 pair of gloves (worn)
Jewellery
 c - an amulet of the acrobat (around neck)
 l - a +4 ring of protection (left hand)
Scrolls
 e - 4 scrolls of identify {unknown}
 f - 2 scrolls of immolation {unknown}
 i - 3 scrolls of teleportation {unknown}
 m - 2 scrolls of brand weapon {unknown}
 q - a scroll of enchant weapon {unknown}
 r - a scroll of butterflies {unknown}
Potions
 d - a potion of might
 g - a potion of heal wounds {unknown}
 h - a potion of ambrosia {unknown}
 j - 2 potions of brilliance {unknown}
 n - a potion of lignification {unknown}
 o - 2 potions of curing {unknown}


   Skills:
 + Level 3.9 Fighting
 + Level 3.8 Maces & Flails
 + Level 4.8 Armour
 + Level 1.0 Dodging
 + Level 0.5 Stealth
 + Level 4.1 Shields


You had 5 spell levels left.
You didn't know any spells.
Your spell library contained the following spells:

 Spells                   Type           Power      Damage    Failure   Level
 Tukima's Dance           Hex            0%         N/A       100%        3
 Passage of Golubria      Tloc           0%         N/A       100%        4
 Yara's Violent Unravell  Hex/Alch       0%         3d3       100%        5


Dungeon Overview and Level Annotations

Branches:
Dungeon (4/15)
 Temple: D:4-7

Altars:
Trog

Annotations:
D:4 Edmund


Innate Abilities, Weirdness & Mutations

You are immune to sickness and miasma.
Your stone body is resilient. (AC +4)
You are immune to poison.
You resist negative energy. (rN+)
You are resistant to electric shocks. (rElec)
You are resistant to unholy torment.
You are immune to petrification.


Message History

The orc zaps a wand.
The puff of flame hits you!
You throw a boomerang.
The boomerang hits the orc warrior but does no damage.
The orc warrior is lightly wounded.
You throw a boomerang.
The boomerang closely misses the orc warrior.
The boomerang closely misses the orc.
The orc warrior barely misses you.
You climb upwards.
There is a stone staircase leading down here.
You sock the orc warrior!
The orc warrior is heavily wounded.
The orc warrior hits you with a +0 scimitar! x2
You hit the orc warrior but do no damage.
The orc warrior is heavily wounded.
You block the orc warrior's attack.
You thump the orc warrior!
The orc warrior is almost dead.
The orc warrior hits you with a +0 scimitar.
You closely miss the orc warrior.
The orc warrior is almost dead.
The orc warrior hits you with a +0 scimitar!
* * * LOW HITPOINT WARNING * * *
The orc warrior hits you with a +0 scimitar.
* * * LOW HITPOINT WARNING * * *
You hit the orc warrior but do no damage.
The orc warrior is almost dead.
The orc warrior barely misses you.
You hit the orc warrior.
The orc warrior is almost dead.
The orc warrior hits you with a +0 scimitar.
* * * LOW HITPOINT WARNING * * *
The orc warrior hits you but does no damage.
You closely miss the orc warrior.
The orc warrior is almost dead.
You block the orc warrior's attack.
You hit the orc warrior but do no damage.
The orc warrior is almost dead.
The orc warrior hits you with a +0 scimitar!
You die...

##### #...###### #.#......#
#.#..###.# #.#..# #.#
###### #.#..# #.# #....#
#.#..# #.#
###########....###.#..# #.#
..........'....'@.....# #.#
###########....#o###.####.#
#....#)#......#.#
#....#.#.######.##
#....#.#.######..#
##....#.###†'..##.#
#.....'.##.##...#.#
#.....#.##†##..)..#
######........#.##._...#


You could see an orc warrior.

Vanquished Creatures
  A scorpion (D:4)
  An orc wizard (D:2)
  3 gnolls (D:3)
  4 adders
  3 dart slugs
  2 ribbon worms
  4 orcs
  3 bats
  6 endoplasms
  2 giant cockroaches
  11 goblins
  10 hobgoblins
  4 jackals (D:1)
  6 quokkas
  2 ball pythons (D:1)
  6 frilled lizards
  3 kobolds
  8 rats
79 creatures vanquished.

Notes
Turn   | Place    | Note
-------+----------+-------------------------------------------
     0 | D:1      | AdnanSaban the Gargoyle Fighter began the quest for the
                  | Orb.
     0 | D:1      | Reached XP level 1. HP: 14/14 MP: 1/1
   210 | D:1      | Reached XP level 2. HP: 15/19 MP: 2/2
   458 | D:1      | Reached XP level 3. HP: 23/23 MP: 3/3
   736 | D:1      | Found a faded altar of an unknown god.
  1554 | D:2      | Reached XP level 4. HP: 28/28 MP: 4/4
  2333 | D:2      | Reached XP level 5. HP: 21/33 MP: 5/5
  2527 | D:3      | Found a bloodstained altar of Trog.
  3166 | D:4      | Noticed an orc warrior
  3288 | D:4      | Noticed Edmund
  3356 | D:4      | Reached skill level 1 in Dodging
  3356 | D:4      | Reached XP level 6. HP: 31/38 MP: 6/6
  3468 | D:3      | Mangled by an orc warrior

Illustrated notes

Levels and vault maps discovered:
D:1:      dpeg_arrival_morbid_curiosity, layout_basic,
          shapermc_ecumenical_altar_ellora
D:2:      minmay_diamond_boxcup, layout_loops_ring,
          minmay_misc_feat_more_columns, minmay_misc_feat_tiny,
          minmay_heptomino_d4
D:3:      layout_basic, trog_butcher_becter, minivault_26,
          grunt_decor_arrowhead, minmay_crystal_room
D:4:      layout_basic, gammafunk_ghost_grave, uniq_edmund

Skill      XL: |  1  2  3  4  5 |
---------------+----------------+-----
Armour         | 4 |  4.8
Maces & Flails | 3 |  3.8
Shields        | 4 |  4.1
Dodging        | 1 |  1.0
Fighting       | |  3.9
Stealth        | |  0.5

Action                     |  1- 3 |  4- 6 || total
---------------------------+-------+-------++-------
  Melee: Flail             |   130 |   189 ||   319
  Throw: Boomerang         |       |     4 ||     4
 Armour: Scale mail        |   113 |   160 ||   273
  Dodge: Dodged            |    93 |    97 ||   190
  Block: Buckler           |    40 |    43 ||    83
         Kite shield       |       |    21 ||    21
